Unix NetHack Version 5.0.0-0 post-release - last build May  3 2026 23:40:34 (9823c992c0763bbd039eca2974112f46eaf799b3,branch:main).

Game began 2026-05-04 15:58:04, ended 2026-05-04 17:21:41.

BeardyHaddock, chaotic male elven Wizard

    ------------                                                      ----.---
    |..........|                                              ########...(...|
    |..........|                             -------------#####       |.../..|
    |..........|                         ?###.....+...<.+|#          #...%...|
    |..........|                             |......^....|#          #|......|
    |......%...|      ------------           |...........|#          #|......|
    |......_.`..######|.n----....|           ---|---------#          #--------
    ------.-.---     ##..........-###       ###############          #
          #        ###|......>..`| ##%###########         #          #
          # #      # #------------###### ##               #          #
          ###      #             ##     -.-------#        #          #
           ##   ####            `#####)#........|#%###### #          ##
          ####  #                       |.......|     #-.-.-----------#
    --------.-.-#                       |........######|.............|#
    |..........|#                       ---------      |.............|#
    |..........-#                                      |.............|#
    |...{.^....|                                       |..............#
    ------------                                       ---------------

BeardyHaddock the Thaumaturge  St:9 Dx:10 Co:14 In:20 Wi:15 Ch:17  Chaotic
Dlvl:5  $:355 HP:0(59) Pw:19(88) AC:6  Xp:8 T:5595 

Latest messages:
 The gnome lord thrusts one of his daggers.
 The gnome lord hits!
 You hit the gnome lord!
 The gnome lord thrusts one of his daggers.
 The gnome lord hits!
 You hit the gnome lord!
 You kill the gnome lord!
 You see here 4 daggers.
 In what direction? 6
 The spell hits the orc shaman!
 You hear a distant zap.
 The bolt of cold misses the fog cloud.
 The bolt of cold misses the shrieker.
 The bolt of cold whizzes by you!
 The orc shaman casts a spell!
 The orc shaman is suddenly moving faster.
 The shrieker shrieks.
 You hear a nearby zap.
 You hit the fog cloud!
 You miss the fog cloud.
 The orc shaman casts a spell!
 The orc shaman looks better.
 You hear a nearby zap.
 The fog cloud is destroyed by the bolt of cold!
 The bolt of cold hits you!
 The bolt of cold bounces!
 In what direction? 6
 The spell hits the shrieker!
 The spell hits the orc shaman!
 You kill the orc shaman!
 The wood nymph stole an uncursed +1 ring of gain constitution.
 The wood nymph vanishes!
 In what direction? 6
 The spell misses the shrieker.
 You hit the shrieker!
 You kill the shrieker!
 The wood nymph zaps a redwood wand!
 The bolt of cold hits you!
 Your potion of confusion freezes and shatters!
 Wizard, your life force is running out.
 In what direction? 4
 The spell misses the wood nymph.
 The wood nymph zaps a wand of cold!
 The bolt of cold hits you!
 You die...
 Do you want your possessions identified? [ynq] (y) n
 Do you want to see your attributes? [ynq] (y) n
 Do you want an account of creatures vanquished? [ynaq] (y) n
 Do you want to see your conduct and achievements? [ynq] (y) n
 Do you want to see the dungeon overview? [ynq] (y) n

Inventory:
 Coins    ('$')
  $ - 355 gold pieces
 Amulets  ('"')
  K - an uncursed amulet of change
  G - an uncursed amulet of flying
  Q - an uncursed amulet of flying
 Weapons  (')')
  C - 7 blessed +3 elven arrows
  a - a blessed +2 quarterstaff (weapon in hands)
 Armor    ('[')
  b - an uncursed +3 cloak of magic resistance (being worn)
 Scrolls  ('?')
  h - a blessed scroll of confuse monster
  t - an uncursed scroll of fire
  B - an uncursed scroll of gold detection
  j - an uncursed scroll of light
  E - a cursed scroll of light
  O - a blessed scroll of magic mapping
  o - a blessed scroll of teleportation
 Spellbooks  ('+')
  l - a blessed spellbook of haste self
  S - an uncursed spellbook of identify
  p - an uncursed spellbook of remove curse
 Potions  ('!')
  g - an uncursed potion of healing
 Rings    ('=')
  e - an uncursed ring of cold resistance
  d - an uncursed ring of fire resistance
  y - an uncursed ring of protection from shape changers
 Wands    ('/')
  X - a wand of create monster (0:12)
  c - a wand of death (0:2)
  W - a wand of digging (0:8)
  s - a wand of light (0:11)
  F - a wand of teleportation (0:4)
 Tools    ('(')
  J - a cursed magic lamp
  m - a magic marker (0:20)
  k - a +0 unicorn horn
 Gems/Stones  ('*')
  v - 2 uncursed worthless pieces of black glass
  z - 3 uncursed worthless pieces of blue glass
  V - a cursed worthless piece of blue glass
  Z - 2 uncursed worthless pieces of orange glass
  w - an uncursed worthless piece of white glass

BeardyHaddock the Wizard's attributes:

Background:
 You were a Thaumaturge, a level 8 male elven Wizard.
 You were chaotic, on a mission for Anhur
 who was opposed by Ptah (lawful) and Thoth (neutral).
 You were right-handed.
 You were in the Dungeons of Doom, on level 5.
 You entered the dungeon 5595 turns ago.
 There was a full moon in effect when your adventure ended.
 You had 1937 experience points, 623 more were needed to attain level 9.

Basics:
 You had 0 out of 59 hit points.
 You had 19 out of 88 energy points (spell power).
 Your armor class was 6.
 Your wallet contained 355 zorkmids.
 Autopickup was off.

Final Characteristics:
 Your strength was 9 (peak:10, limit:18).
 Your dexterity was 10 (limit:18).
 Your constitution was 14 (limit:16).
 Your intelligence was 20 (limit:20).
 Your wisdom was 15 (limit:20).
 Your charisma was 17 (limit:18).

Final Status:
 You weren't hungry.
 You were unencumbered.
 You were wielding a quarterstaff.
 You were skilled in quarterstaff.

Final Attributes:
 You were piously aligned.
 You were magic-protected.
 You were sleep resistant.
 You were telepathic.
 You had infravision.
 You were warded.
 You were lucky.
 You are dead.

Miscellaneous:
 You encountered 1 bones level.
 Total elapsed playing time was 53 minutes and 58 seconds.

Major events:
 Turn
    1: BeardyHaddock the chaotic male elven Wizard entered the dungeon
  479: attained the rank of Conjurer (level 3)
  539: attained the rank of Thaumaturge (level 6)
 2679: entered the Gnomish Mines
 5595: killed by a bolt of cold zapped by a wood nymph

Spells:
 Name                 Level Category     Fail Retention
 force bolt             1   attack         0%   71%-75%
 haste self             3   escape        54%   51%-75%
 remove curse           3   clerical      54%   51%-75%
 light                  1   divination     0%   51%-75%
 healing                1   healing        0%  76%-100%
 identify               3   divination    54%  76%-100%

Skills:
 Fighting Skills
   bare handed combat [Unskilled]
   riding             [Unskilled]
 Weapon Skills
   dagger             [Unskilled]
   knife              [Unskilled]
   axe                [Unskilled]
   short sword        [Unskilled]
   club               [Unskilled]
   mace               [Unskilled]
   quarterstaff       [Skilled]
   polearms           [Unskilled]
   spear              [Unskilled]
   trident            [Unskilled]
   sling              [Unskilled]
   dart               [Unskilled]
   shuriken           [Unskilled]
 Spellcasting Skills
   attack spells      [Skilled]
   healing spells     [Unskilled]
   divination spells  [Unskilled]
   enchantment spells [Basic]
   clerical spells    [Unskilled]
   escape spells      [Unskilled]
   matter spells      [Unskilled]

Voluntary challenges:
 Character rerolling was not enabled.
 You never genocided any monsters.
 You never polymorphed an object.
 You never changed form.
 You used no wishes.
Achievements:
 You attained the rank of Conjurer.
 You attained the rank of Thaumaturge.
 You entered the Gnomish Mines.

 The Dungeons of Doom: levels 1 to 6
    Level 1:
       Some fountains.
    Level 2:
       A fountain.
    Level 3:
       A sink.
    Level 4:
       Stairs down to The Gnomish Mines.
    Level 5: <- You were here.
       An altar to Anhur, a fountain, a grave.
       Final resting place for
          you, killed by a bolt of cold zapped by a wood nymph,
          MeWoden-Pri-Hum-Fem-Neu, killed by a giant bat,
          1212459919-Pri-Elf-Mal-Cha, killed by a pony.
    Level 6:
 The Gnomish Mines:
    Level 5:


Vanquished creatures:
  2 ghosts
  a giant mimic
  a large mimic
  8 small mimics
  a giant beetle
  a quivering blob
  3 leprechauns
  a brown pudding
  a lizard
  a jaguar
  a blue jelly
  a white unicorn
  a snake
  5 apes
  4 fire ants
  a wood nymph
  9 Mordor orcs
 an orc shaman
  a rock mole
  a pony
  2 fog clouds
  2 yellow lights
  a shrieker
  a gnome leader
  a kobold mummy
  4 elf zombies
  4 floating eyes
  a kitten
  a dwarf
  2 homunculi
  a kobold shaman
  4 rothes
  2 giant bats
  3 orc zombies
  3 iguanas
  2 killer bees
  2 acid blobs
  8 coyotes
  a gas spore
 11 manes
  a large kobold
  a hobgoblin
  a giant rat
  7 cave spiders
  4 yellow molds
  a gnome
  a garter snake
  4 geckos
  7 jackals
  2 foxes
  a kobold
  2 sewer rats
  4 grid bugs
  a lichen
  8 newts
146 creatures vanquished.

No species were genocided or became extinct.

Game over:
                       ----------
                      /          \
                     /    REST    \
                    /      IN      \
                   /     PEACE      \
                  /                  \
                  |  BeardyHaddock   |
                  |      355 Au      |
                  | killed by a bolt |
                  |  of cold zapped  |
                  | by a wood nymph  |
                  |                  |
                  |       2026       |
                 *|     *  *  *      | *
        _________)/\\_//(\/(/\)/\//\/|_)_______

Goodbye BeardyHaddock the Wizard...

You died in The Dungeons of Doom on dungeon level 5 with 8376 points,
and 355 pieces of gold, after 5595 moves.
You were level 8 with a maximum of 59 hit points when you died.

